[Event "Int SVK-ch Open 2020"]
[Site "Drienica"]
[Date "2020.08.08"]
[Round "2.1"]
[White "Furman, Maximilian Jan"]
[Black "Demeter, Peter"]
[Result "0-1"]
[ECO "B06"]
[WhiteElo "1610"]
[BlackElo "2139"]
[Annotator "ChessBase"]
[PlyCount "64"]
[EventDate "2020.08.07"]
[EventType "swiss"]
[EventCountry "SVK"]
[SourceTitle "playchess.com"]
[Source "ChessBase"]
[SourceQuality "1"]
[TimeControl "40/5400+30:1800+30"]

1. e4 g6 2. d4 Bg7 3. Nc3 d6 4. Be3 Nf6 5. h3 O-O 6. f4 c5 7. dxc5 Qa5 8. Bd3 dxc5 9. Bd2 Qd8 10. Nf3 Nc6 11. Qe2 e5 12. fxe5 Nh5 13. Qf2 Nxe5 14. Nxe5 Bxe5 15. O-O-O Qa5 16. Bc4 Bd4 17. Qf3 Qb6 18. Bh6 Ng7 19. Rhf1 Be6 20. Bd5 Bxd5 21. exd5 Rad8 22. g4 f5 23. Na4 Qa6 24. Nxc5 Qxa2 25. Rxd4 fxg4 26. Qe2 Rxf1+ 27. Kd2 Rdf8 28. Kc3 Qa5+ 29. b4 Qa1+ 30. Kc4 b5+ 31. Kd3 R8f3+ 32. Be3 Nf5 0-1

[Event "Int SVK-ch Open 2020"]
[Site "Drienica"]
[Date "2020.08.08"]
[Round "2.2"]
[White "Ferkova, Dominika"]
[Black "Bujna, Martin"]
[Result "1/2-1/2"]
[ECO "A65"]
[WhiteElo "2088"]
[BlackElo "1841"]
[Annotator "ChessBase"]
[PlyCount "96"]
[EventDate "2020.08.07"]
[EventType "swiss"]
[EventCountry "SVK"]
[SourceTitle "playchess.com"]
[Source "ChessBase"]
[SourceQuality "1"]
[TimeControl "40/5400+30:1800+30"]

1. d4 Nf6 2. c4 e6 3. Nc3 c5 4. d5 exd5 5. cxd5 d6 6. e4 a6 7. a4 g6 8. Bd3 Bg7 9. Nf3 Bg4 10. h3 Bxf3 11. Qxf3 Nbd7 12. O-O O-O 13. Bf4 Ne5 14. Qe3 Re8 15. Bh2 Qb6 16. Be2 Qb4 17. a5 Rad8 18. Ra4 Qb3 19. Rb1 b5 20. Bd1 Nc4 21. Qe2 Qxc3 22. bxc3 Rxe4 23. Rxc4 Rxe2 24. Bxe2 bxc4 25. Bxc4 Ne4 26. Rb6 Bxc3 27. Rxa6 Bb4 28. f3 Nd2 29. Bb5 c4 30. Bf4 Bc5+ 31. Kh2 c3 32. Rc6 Nb3 33. a6 Nd4 34. Rxc5 dxc5 35. Bc6 Nxc6 36. dxc6 c2 37. Kg3 f6 38. Kf2 Kf7 39. Ke2 Ke6 40. c7 Rc8 41. Kd2 Kd5 42. Kxc2 Kc6 43. Kc3 Kb5 44. a7 Kb6 45. Kc4 Kxa7 46. Kxc5 Kb7 47. h4 Re8 48. g4 Kc8 1/2-1/2

[Event "Int SVK-ch Open 2020"]
[Site "Drienica"]
[Date "2020.08.08"]
[Round "2.2"]
[White "Konyves, Almos"]
[Black "Czebe Attila"]
[Result "0-1"]
[ECO "B33"]
[WhiteElo "2076"]
[BlackElo "2378"]
[Annotator "RC"]
[PlyCount "74"]
[EventDate "2020.08.07"]
[EventType "swiss"]
[EventCountry "SVK"]
[SourceTitle "playchess.com"]
[Source "ChessBase"]
[SourceQuality "1"]
[TimeControl "40/5400+30:1800+30"]

1. e4 c5 2. Nf3 Nc6 3. d4 cxd4 4. Nxd4 Qb6 5. Nb3 Nf6 6. Nc3 e6 7. Qe2 Bb4 8. Bd2 O-O 9. a3 Be7 10. Be3 Qc7 11. g4 d5 12. exd5 Nxd5 13. Nxd5 exd5 14. O-O-O f5 15. Bg2 fxg4 16. Bxd5+ Kh8 17. Nd4 Bf6 18. Nxc6 bxc6 19. Bc5 cxd5 20. Bxf8 Bf5 21. Bb4 Be4 22. Rhe1 a5 23. Bc3 Bxc3 24. bxc3 Qxc3 25. Rd3 Qf6 26. Kd2 Bxd3 27. Qe8+ Qf8 28. Qxf8+ Rxf8 29. Kxd3 Kg8 30. Re5 Rxf2 31. Rxd5 Rxh2 32. Rg5 Rh3+ 33. Kd4 g3 34. c4 h6 35. Rg4 h5 36. Rg5 Rh4+ 37. Ke5 Rg4 0-1

[Event "Int SVK-ch Open 2020"]
[Site "Drienica"]
[Date "2020.08.08"]
[Round "2.3"]
[White "Manik Mikulas"]
[Black "Hudak, Vasil"]
[Result "1-0"]
[ECO "B31"]
[WhiteElo "2366"]
[BlackElo "2019"]
[Annotator "ChessBase"]
[PlyCount "45"]
[EventDate "2020.08.07"]
[EventType "swiss"]
[EventCountry "SVK"]
[SourceTitle "playchess.com"]
[Source "ChessBase"]
[SourceQuality "1"]
[TimeControl "40/5400+30:1800+30"]

1. e4 c5 2. Nf3 Nc6 3. Bb5 g6 4. O-O Bg7 5. Re1 e6 6. Bxc6 dxc6 7. e5 Ne7 8. Nc3 Qc7 9. d3 h6 10. Ne4 Bxe5 11. Nxe5 Qxe5 12. Bd2 Nf5 13. g4 Nd4 14. c3 Nb5 15. a4 Nd6 16. f4 Qg7 17. Nxd6+ Kd7 18. Nxc8 g5 19. f5 e5 20. d4 cxd4 21. cxd4 exd4 22. Re7+ Kxc8 23. Qb3 1-0

[Event "Int SVK-ch Open 2020"]
[Site "Drienica"]
[Date "2020.08.08"]
[Round "2.3"]
[White "Lehocz, Jozsef Jr."]
[Black "Djubek, Boris"]
[Result "0-1"]
[ECO "C55"]
[WhiteElo "1596"]
[BlackElo "2019"]
[Annotator "ChessBase"]
[PlyCount "80"]
[EventDate "2020.08.07"]
[EventType "swiss"]
[EventCountry "SVK"]
[SourceTitle "playchess.com"]
[Source "ChessBase"]
[SourceQuality "1"]
[TimeControl "40/5400+30:1800+30"]

1. e4 e5 2. Bc4 Nf6 3. d3 Nc6 4. Nf3 Be7 5. Nc3 d6 6. h3 Na5 7. Bb3 Nxb3 8. axb3 h6 9. Be3 c5 10. Qd2 Be6 11. Ne2 d5 12. exd5 Bxd5 13. Nxe5 Bxg2 14. Rg1 Bd5 15. Rxg7 Nd7 16. Nc4 b5 17. Na3 Ne5 18. Qc1 Bf6 19. Rg3 Bh4 20. Rg7 Qf6 21. Nxb5 Nf3+ 22. Kd1 Qxg7 23. Nc7+ Kd7 24. Nxd5 Qg2 25. Ng3 Bxg3 26. c4 Qf1+ 27. Kc2 Qe2+ 28. Kb1 Qxd3+ 29. Ka2 Be5 30. Qh1 Rab8 31. Qd1 Qxd1 32. Rxd1 Bd4 33. Bf4 Rb7 34. Nf6+ Ke6 35. Nd5 Rg8 36. Nc7+ Kf5 37. Bd6 Rg6 38. Bxc5 Rxc7 39. Bxd4 Ra6+ 40. Kb1 Rd7 0-1

[Event "Int SVK-ch Open 2020"]
[Site "Drienica"]
[Date "2020.08.08"]
[Round "2.4"]
[White "Istona Martin"]
[Black "Lehocz, Jozsef"]
[Result "1-0"]
[ECO "B03"]
[WhiteElo "2267"]
[BlackElo "1959"]
[Annotator "ChessBase"]
[PlyCount "55"]
[EventDate "2020.08.07"]
[EventType "swiss"]
[EventCountry "SVK"]
[SourceTitle "playchess.com"]
[Source "ChessBase"]
[SourceQuality "1"]
[TimeControl "40/5400+30:1800+30"]

1. e4 Nf6 2. e5 Nd5 3. d4 Nb6 4. c4 d6 5. f4 dxe5 6. fxe5 Nc6 7. Be3 Bf5 8. Nc3 e6 9. Nf3 Be7 10. Be2 Na5 11. O-O O-O 12. b3 Bb4 13. Qd2 Nc6 14. Rad1 Ne7 15. Qc1 c6 16. h3 Bg6 17. Bf2 Rc8 18. g4 Qc7 19. h4 h6 20. h5 Bh7 21. g5 Nf5 22. Ne4 Rcd8 23. gxh6 Be7 24. hxg7 Kxg7 25. Kh1 Nxd4 26. Rg1+ Kh8 27. Bxd4 Rxd4 28. Qh6 1-0

[Event "Int SVK-ch Open 2020"]
[Site "Drienica"]
[Date "2020.08.08"]
[Round "2.5"]
[White "Kucera, Michal"]
[Black "Janik, Marek Tobias"]
[Result "1/2-1/2"]
[ECO "B33"]
[WhiteElo "2007"]
[BlackElo "1600"]
[Annotator "ChessBase"]
[PlyCount "83"]
[EventDate "2020.08.07"]
[EventType "swiss"]
[EventCountry "SVK"]
[SourceTitle "playchess.com"]
[Source "ChessBase"]
[SourceQuality "1"]
[TimeControl "40/5400+30:1800+30"]

1. e4 c5 2. Nf3 Nc6 3. d4 cxd4 4. Nxd4 Nf6 5. Nc3 e5 6. Ndb5 d6 7. Bg5 a6 8. Na3 b5 9. Nd5 Be7 10. Bxf6 Bxf6 11. c3 Bg5 12. Nc2 O-O 13. a4 Rb8 14. axb5 axb5 15. Bd3 Be6 16. Ncb4 Nxb4 17. Nxb4 Qd7 18. O-O g6 19. Qe2 Kh8 20. Ra5 f5 21. Bxb5 Qg7 22. Bc6 f4 23. f3 Bd8 24. Ra3 g5 25. Bd5 Bc8 26. Rfa1 g4 27. Kf1 gxf3 28. gxf3 Bb6 29. Ke1 Be3 30. Kd1 Bd7 31. Kc2 Bb5 32. c4 Rfc8 33. b3 Bxc4 34. Bxc4 Rxb4 35. Ra8 Qb7 36. Rxc8+ Qxc8 37. Qd3 Bd4 38. Ra4 Rxa4 39. bxa4 Qh3 40. Qe2 Bg1 41. Bb3 Qxh2 42. Qxh2 1/2-1/2

[Event "Int SVK-ch Open 2020"]
[Site "Drienica"]
[Date "2020.08.08"]
[Round "2.5"]
[White "Sankova, Stella"]
[Black "Mrvova Alena"]
[Result "1/2-1/2"]
[ECO "B09"]
[WhiteElo "1997"]
[BlackElo "2188"]
[Annotator "ChessBase"]
[PlyCount "72"]
[EventDate "2020.08.07"]
[EventType "swiss"]
[EventCountry "SVK"]
[SourceTitle "playchess.com"]
[Source "ChessBase"]
[SourceQuality "1"]
[TimeControl "40/5400+30:1800+30"]

1. e4 d6 2. d4 g6 3. Nc3 Bg7 4. f4 a6 5. Nf3 Nf6 6. Bd3 O-O 7. O-O b5 8. Qe1 b4 9. Ne2 c5 10. dxc5 dxc5 11. Be3 Qc7 12. Ne5 Ng4 13. Nxg4 Bxg4 14. e5 Nd7 15. Qh4 Bxe2 16. Bxe2 Nb6 17. Qf2 Nd5 18. Rfd1 Nxe3 19. Qxe3 Rfd8 20. Bc4 a5 21. a4 Rac8 22. b3 e6 23. Qf3 Bh6 24. g3 Bf8 25. Rxd8 Rxd8 26. Rd1 Rxd1+ 27. Qxd1 Qc6 28. Qd3 Kg7 29. Qe2 h6 30. h4 Be7 31. Kh2 Qd7 32. Qd3 Qxd3 33. Bxd3 f6 34. exf6+ Kxf6 35. Kg2 Bd6 36. Kf3 e5 1/2-1/2

[Event "Int SVK-ch Open 2020"]
[Site "Drienica"]
[Date "2020.08.08"]
[Round "2.6"]
[White "Kolesar Milan"]
[Black "Skovran, Jaroslav"]
[Result "1-0"]
[ECO "D13"]
[WhiteElo "2186"]
[BlackElo "1971"]
[Annotator "ChessBase"]
[PlyCount "75"]
[EventDate "2020.08.07"]
[EventType "swiss"]
[EventCountry "SVK"]
[SourceTitle "playchess.com"]
[Source "ChessBase"]
[SourceQuality "1"]
[TimeControl "40/5400+30:1800+30"]

1. Nf3 d5 2. d4 Nf6 3. c4 c6 4. cxd5 cxd5 5. Nc3 Nc6 6. Bf4 e6 7. e3 a6 8. Bd3 Be7 9. h3 O-O 10. O-O b5 11. Rc1 Bb7 12. Qe2 Qb6 13. Rfd1 Na5 14. Na4 bxa4 15. Bc7 Qa7 16. Bxa5 a3 17. b3 Rfc8 18. Bc7 Ne8 19. Be5 f6 20. Bf4 Nd6 21. Bxd6 Bxd6 22. e4 dxe4 23. Bxe4 Bxe4 24. Qxe4 Qd7 25. Rc4 a5 26. Re1 Re8 27. Rec1 Rad8 28. Rc6 Rc8 29. R1c4 Rxc6 30. Rxc6 Rc8 31. d5 e5 32. Nd2 Re8 33. Nc4 Bb4 34. Nb6 Qf7 35. d6 Rd8 36. d7 g6 37. Rc8 Qf8 38. Qa8 1-0

[Event "Int SVK-ch Open 2020"]
[Site "Drienica"]
[Date "2020.08.08"]
[Round "2.6"]
[White "Kardis, Benjamin"]
[Black "Ganzova, Veronika"]
[Result "1-0"]
[ECO "A45"]
[WhiteElo "2049"]
[BlackElo "1614"]
[Annotator "ChessBase"]
[PlyCount "87"]
[EventDate "2020.08.07"]
[EventType "swiss"]
[EventCountry "SVK"]
[SourceTitle "playchess.com"]
[Source "ChessBase"]
[SourceQuality "1"]
[TimeControl "40/5400+30:1800+30"]

1. d4 Nf6 2. e3 g6 3. Bd3 Bg7 4. c3 d6 5. Ne2 O-O 6. e4 e5 7. f3 Nc6 8. Bg5 h6 9. Bh4 Bd7 10. Na3 a6 11. Qd2 Rb8 12. d5 Ne7 13. Bxf6 Bxf6 14. Qxh6 Nxd5 15. h4 Bg7 16. Qd2 Nf6 17. g4 Nh7 18. Nc2 Be6 19. Ne3 c6 20. f4 exf4 21. Nxf4 Qd7 22. Nxe6 fxe6 23. O-O-O Rf4 24. g5 Rbf8 25. Rh2 Qf7 26. Re1 Rf2 27. Re2 Rxh2 28. Rxh2 Qf4 29. Nc4 Qg3 30. Rg2 Qxh4 31. Kc2 d5 32. exd5 exd5 33. Na5 Qa4+ 34. Nb3 d4 35. cxd4 Bxd4 36. Bxg6 Qc4+ 37. Kb1 Rf1+ 38. Nc1 Rh1 39. Qf4 c5 40. Bc2 Qf1 41. Bxh7+ Kxh7 42. Rh2+ Kg7 43. Qc7+ Kg6 44. Qh7+ 1-0

[Event "Int SVK-ch Open 2020"]
[Site "Drienica"]
[Date "2020.08.08"]
[Round "2.8"]
[White "Bochnicka Vladimir"]
[Black "Svobodova, Michaela"]
[Result "1-0"]
[ECO "B41"]
[WhiteElo "2151"]
[BlackElo "1997"]
[Annotator "ChessBase"]
[PlyCount "75"]
[EventDate "2020.08.07"]
[EventType "swiss"]
[EventCountry "SVK"]
[SourceTitle "playchess.com"]
[Source "ChessBase"]
[SourceQuality "1"]
[TimeControl "40/5400+30:1800+30"]

1. e4 c5 2. Nf3 e6 3. d4 cxd4 4. Nxd4 a6 5. c4 Nf6 6. Nc3 Bb4 7. Qd3 Qc7 8. a3 Bxc3+ 9. Qxc3 Nxe4 10. Nb5 axb5 11. Qxg7 Rf8 12. Bh6 Qc5 13. f3 Nf2 14. b4 Qe7 15. Kxf2 Nc6 16. Qxf8+ Qxf8 17. Bxf8 Kxf8 18. cxb5 Nxb4 19. Rc1 Nd5 20. Bd3 d6 21. Rhd1 Bd7 22. Bxh7 Rxa3 23. Be4 Nc3 24. Rxd6 Nxe4+ 25. fxe4 Bxb5 26. h4 Bc6 27. Re1 Ke7 28. Rd2 Kf6 29. Re3 Rxe3 30. Kxe3 Ke5 31. Rd4 f5 32. exf5 exf5 33. g3 Be4 34. Rd8 Bd5 35. Rf8 b5 36. h5 b4 37. h6 b3 38. h7 1-0

[Event "Int SVK-ch Open 2020"]
[Site "Drienica"]
[Date "2020.08.08"]
[Round "2.8"]
[White "Marsina, Stefan"]
[Black "Dragula, Miroslav"]
[Result "1-0"]
[ECO "D45"]
[WhiteElo "1829"]
[BlackElo "1571"]
[Annotator "NA RC"]
[PlyCount "147"]
[EventDate "2020.08.07"]
[EventType "swiss"]
[EventCountry "SVK"]
[SourceTitle "playchess.com"]
[Source "ChessBase"]
[SourceQuality "1"]
[TimeControl "40/5400+30:1800+30"]

1. d4 e6 2. Nf3 d5 3. c4 Nf6 4. Nc3 c6 5. e3 Be7 6. Bd3 h6 {[%emt 0:00:19] D45: Semi-Slav: 5 e3.} 7. Qc2 Nbd7 8. a3 {[%emt 0:03:22] [#]} Nb6 $146 ({Predecessor:} 8... dxc4 9. Bxc4 Nb6 10. Ba2 Nfd5 11. O-O O-O 12. e4 Nxc3 13. bxc3 Nd7 14. e5 Re8 {1-0 (44) Vachev,V (2132)-Golikov,S (1733) Varna 2014}) 9. Ne5 (9. c5 $14 Nbd7 10. b4) 9... dxc4 10. Bg6 O-O 11. Be4 Nxe4 ({Black should try} 11... c5 $17 12. dxc5 Bxc5) 12. Nxe4 Nd5 13. Qxc4 Nf6 14. Nc3 Nd7 15. Nf3 Nb6 16. Qe2 Nd5 17. Bd2 Nf6 18. O-O b5 19. Rfc1 a5 20. Ne5 Bb7 21. Na2 Ra6 22. b4 Qa8 23. f3 Rd8 24. Rab1 Nd5 25. e4 (25. Rc2 $14) 25... Nf6 26. Qf2 axb4 (26... Nd7 $11) 27. Nxb4 Bxb4 28. Bxb4 Rc8 29. Rc3 Qb8 30. Rbc1 Qc7 31. Qc2 Nd7 32. Nd3 Qd8 33. Qf2 Qe8 34. Qc2 Nb8 35. Qf2 (35. Nc5 $16 Ra7 36. Nxb7 Rxb7 37. d5) 35... Nd7 36. h3 Ba8 37. Qg3 Ra7 38. Qf2 (38. d5 $16) 38... Ra6 $1 39. Qe3 Bb7 40. Qf4 f6 41. Qd2 Kf7 42. Kh1 g5 (42... Kg8 $16) 43. Qa2 Kg7 44. Qc2 Kg8 45. Qf2 Kg7 46. Qc2 $2 (46. f4 $16) 46... Qg6 47. Qe2 Qe8 48. f4 Kg6 (48... Raa8 $142 49. fxg5 hxg5) 49. Re1 Kg7 50. f5 Raa8 $2 (50... c5) 51. Qa2 (51. e5 $142) 51... e5 (51... c5 $16) 52. dxe5 Nxe5 53. Nc5 Ra7 54. Ne6+ Kh8 55. Qf2 Raa8 56. Qd4 (56. Bd6 $142) 56... Qd7 $2 (56... Qf7 57. Rd1 Rg8) 57. Bd6 Ra4 58. Qd1 Qf7 59. Nc5 Rc4 60. Bxe5 fxe5 61. Rxc4 bxc4 62. Qd6 {[%emt 0:01:04] Double Attack} Qg7 63. Nxb7 Qxb7 64. Qxh6+ Qh7 65. Qxg5 Qg7 66. Qh4+ Kg8 67. Rd1 c3 68. Rd6 c2 69. Qe1 Kf8 70. Qc3 Qe7 71. Re6 c1=Q+ 72. Qxc1 Qg7 73. Qc5+ {[%emt 0:00:24] Double Attack} Kg8 {[%emt 0:00:25] [#]} 74. Rg6 1-0

[Event "Int SVK-ch Open 2020"]
[Site "Drienica"]
[Date "2020.08.08"]
[Round "2.9"]
[White "Priechodsky, Radovan"]
[Black "Pastir Stanislav"]
[Result "1-0"]
[ECO "A25"]
[WhiteElo "2003"]
[BlackElo "2145"]
[Annotator "ChessBase"]
[PlyCount "45"]
[EventDate "2020.08.07"]
[EventType "swiss"]
[EventCountry "SVK"]
[SourceTitle "playchess.com"]
[Source "ChessBase"]
[SourceQuality "1"]
[TimeControl "40/5400+30:1800+30"]

1. c4 e5 2. Nc3 Nc6 3. d3 Bc5 4. g3 d6 5. Bg2 a6 6. Nf3 f5 7. e3 Nf6 8. O-O Ba7 9. Rb1 O-O 10. b4 Qe8 11. b5 axb5 12. Nxb5 Bb6 13. Nxd6 cxd6 14. Rxb6 Rxa2 15. Qb3 Ra1 16. Ba3 Rxf1+ 17. Kxf1 Qe7 18. Ng5 Nd7 19. Bxd6 Qxg5 20. Bd5+ Rf7 21. Rxb7 Qf6 22. Rc7 Qxd6 23. Rxc8+ 1-0

[Event "Int SVK-ch Open 2020"]
[Site "Drienica"]
[Date "2020.08.08"]
[Round "2.9"]
[White "Sedlak, Mikulas"]
[Black "Nandrazi, Dominik"]
[Result "1-0"]
[ECO "B15"]
[WhiteElo "1573"]
[BlackElo "1883"]
[Annotator "NA"]
[PlyCount "117"]
[EventDate "2020.08.07"]
[EventType "swiss"]
[EventCountry "SVK"]
[SourceTitle "playchess.com"]
[Source "ChessBase"]
[SourceQuality "1"]
[TimeControl "40/5400+30:1800+30"]

1. e4 c6 2. d4 d5 3. Nc3 h6 4. Nf3 dxe4 5. Nxe4 Bf5 6. Ng3 Bh7 7. Bd3 Bxd3 8. Qxd3 e6 {[%emt 0:00:07] B18: Classical Caro-Kann: 4...Bf5 sidelines.} 9. Bd2 Nf6 10. Ne4 Nbd7 11. O-O-O Nxe4 12. Qxe4 Nf6 {[%emt 0:00:03] [#]} 13. Qd3 $146 ({Predecessor:} 13. Qe2 Qc7 14. g3 Bd6 15. c4 b6 16. Kb1 Qe7 17. Rhe1 Bb4 18. Bxb4 Qxb4 19. d5 cxd5 20. cxd5 {1-0 (47) Richardson,J (2248)-Makepeace,P (2077) London 2016}) 13... Bd6 14. Qe2 Qc7 15. Kb1 O-O 16. h3 c5 17. dxc5 Bxc5 18. Bc3 Nd5 19. Be5 Qb6 20. Ka1 Bxf2 21. Bd4 (21. c4 $11 Ne7 22. b4) 21... Bxd4 22. Nxd4 Rac8 23. c3 Rc5 24. Nb3 Rc7 25. g4 a5 26. Nd4 a4 27. a3 Rfc8 28. Rb1 Rc4 29. Rhc1 Nf4 30. Qf3 Nd5 31. Qe2 Qc5 32. Qe5 Qc7 33. Qxc7 R8xc7 34. Re1 Nf4 35. Re3 R7c5 36. Rf1 e5 37. Nc2 (37. Nf3 $17 Ng6 38. Rfe1) 37... f6 38. Nb4 Kh7 39. Rd1 Kg6 40. Rd7 Rc7 41. Rd2 Ne6 42. Kb1 Nc5 43. Kc2 Nb3 44. Rd6 Kg5 45. Kb1 Rf4 46. Rd1 Rf2 47. Nd5 Rd7 48. Red3 e4 49. Nxf6 Rxb2+ $4 ({Weaker is} 49... exd3 50. Nxd7 Re2 51. Nb6 $19) (49... Re7 $19 {avoids the disaster.} 50. Nd5 Re5 51. h4+ Kg6) 50. Kxb2 Rxd3 51. Nxe4+ Kf4 52. Rxd3 Kxe4 53. Rd7 {[%emt 0:00:33] Double Attack} g5 54. Rxb7 Nc5 55. Rh7 Kf4 56. Rxh6 (56. Kc2 $142 Ne4 57. Rxh6) 56... Nd3+ 57. Kc2 Ne1+ 58. Kd2 Nf3+ 59. Ke2 $18 1-0

[Event "Int SVK-ch Open 2020"]
[Site "Drienica"]
[Date "2020.08.08"]
[Round "2.10"]
[White "Kucik, Patrik"]
[Black "Geffert, Peter"]
[Result "1/2-1/2"]
[ECO "D60"]
[WhiteElo "1561"]
[BlackElo "1857"]
[Annotator "NA RC"]
[PlyCount "108"]
[EventDate "2020.08.07"]
[EventType "swiss"]
[EventCountry "SVK"]
[SourceTitle "playchess.com"]
[Source "ChessBase"]
[SourceQuality "1"]
[TimeControl "40/5400+30:1800+30"]

1. d4 d5 2. c4 e6 3. Nc3 Nf6 4. Bg5 Be7 5. e3 O-O 6. Nf3 Nbd7 7. Bd3 h6 8. Bh4 b6 9. Rc1 c5 10. cxd5 Nxd5 11. Bxe7 Qxe7 12. O-O Bb7 13. Nxd5 exd5 14. Re1 {[%emt 0:02:44] D59: Queen's Gambit Declined: Tartakower Defence: Main line (8 cxd5 Nxd5).} c4 15. Bb1 b5 {[%emt 0:03:04] [#]} 16. Qc2 $146 ({Predecessor:} 16. Nd2 f5 17. Nf1 g6 18. Ng3 Nf6 19. Ne2 Qf7 20. f3 Ne8 21. Qd2 Nd6 22. Nf4 {0-1 (59) Jorgensen,M (2201)-Nielsen,L (2221) Denmark 2006}) 16... g6 17. a3 a5 18. h3 Rfe8 19. Qd2 Kg7 20. Nh2 Nf6 21. Nf3 Ne4 22. Bxe4 Qxe4 (22... dxe4 $17 23. Nh2 Bd5) 23. Ne5 f6 24. Nd7 Bc6 25. Nc5 Qe7 26. Qc2 Qd6 27. Qe2 Bd7 28. Qf3 Bf5 29. Qd1 g5 30. Qh5 Bg6 31. Qf3 Re7 32. Qd1 Rh8 33. Qd2 Qc7 (33... a4 $11) 34. Qd1 ({White should play} 34. b3 $14) 34... h5 35. Qe2 h4 36. Qg4 Kh6 37. Qf3 Qd6 38. Qd1 Rg8 39. Qd2 Qc7 40. Ra1 ({White should try} 40. b3 $11) 40... Bf5 41. Rac1 Kh7 42. f3 Bc8 (42... Rge8 $11) 43. e4 dxe4 44. Rxe4 Rge8 45. Rce1 Rxe4 46. Rxe4 (46. fxe4 $5 Kg6 47. Rf1 $14) 46... Rxe4 47. Nxe4 Kg7 48. d5 Qb6+ 49. Kh1 Bd7 50. d6 Kf7 51. Qc3 Qd8 52. Qd4 Bc6 53. Qa7+ Qd7 $2 (53... Ke6 $11) 54. Qd4 $2 (54. Qc7 $18 Qxc7 55. dxc7) 54... Bxe4 $11 1/2-1/2

[Event "Int SVK-ch Open 2020"]
[Site "Drienica"]
[Date "2020.08.08"]
[Round "2.11"]
[White "Kravec Patrik"]
[Black "Steiniger, Florian"]
[Result "1/2-1/2"]
[ECO "B08"]
[WhiteElo "2119"]
[BlackElo "1899"]
[Annotator "ChessBase"]
[PlyCount "45"]
[EventDate "2020.08.07"]
[EventType "swiss"]
[EventCountry "SVK"]
[SourceTitle "playchess.com"]
[Source "ChessBase"]
[SourceQuality "1"]
[TimeControl "40/5400+30:1800+30"]

1. Nf3 g6 2. e4 Bg7 3. d4 d6 4. Nc3 Nf6 5. Be2 O-O 6. O-O a6 7. a4 Nc6 8. Bg5 h6 9. Bc1 e5 10. h3 exd4 11. Nxd4 Nxd4 12. Qxd4 Re8 13. Qd3 Nd7 14. Be3 Nc5 15. Qd2 Nxe4 16. Nxe4 Rxe4 17. Bf3 Rh4 18. c3 Rb8 19. Ba7 Ra8 20. Be3 Rb8 21. Ba7 Ra8 22. Be3 Rb8 23. Ba7 1/2-1/2

[Event "Int SVK-ch Open 2020"]
[Site "Drienica"]
[Date "2020.08.08"]
[Round "2.11"]
[White "Tomanek, Rafael"]
[Black "Kapolkova, Greta"]
[Result "1/2-1/2"]
[ECO "D60"]
[WhiteElo "1821"]
[BlackElo "1545"]
[Annotator "NA"]
[PlyCount "103"]
[EventDate "2020.08.07"]
[EventType "swiss"]
[EventCountry "SVK"]
[SourceTitle "playchess.com"]
[Source "ChessBase"]
[SourceQuality "1"]
[TimeControl "40/5400+30:1800+30"]

1. d4 d5 2. Nf3 Nf6 3. c4 e6 4. Nc3 Be7 5. Bg5 O-O 6. e3 Nbd7 7. Bd3 h6 8. Bh4 b6 9. cxd5 Nxd5 10. Bxe7 Qxe7 11. Nxd5 exd5 12. O-O c5 13. dxc5 bxc5 14. Rc1 {[%emt 0:07:37] D59: Queen's Gambit Declined: Tartakower Defence: Main line (8 cxd5 Nxd5).} Rb8 15. b3 Bb7 {[%emt 0:02:48] [#]} 16. Qe2 $146 ({Predecessor:} 16. Bb1 f5 17. Bd3 f4 18. Re1 fxe3 19. Rxe3 Qf6 20. Qe1 d4 21. Re6 Qf4 22. Be4 Bxe4 23. Rxe4 {½-½ (59) Niedergesaess,H (1906)-Schmidt,W (1988) Oberjoch 2002}) 16... Qd6 17. Rfe1 Rfe8 18. Qd2 a6 19. Bf5 Rbc8 20. Rc3 Rc7 21. Rec1 Rd8 22. a3 Nf6 23. b4 c4 24. Nd4 g6 25. Bb1 Ng4 26. g3 Ne5 27. f4 Nc6 28. Rf1 f5 29. Nxc6 Bxc6 30. Qd4 Kf7 31. Rf2 Qf6 32. Rd2 Qxd4 33. Rxd4 Re8 34. Kf2 Rd7 35. Bc2 Kf6 36. h3 h5 37. Kf3 Rh8 38. h4 Rb8 39. Kf2 {[%emt 0:02:05] [#]} Kf7 (39... a5 $1 $19 {[%mdl 512] has better winning chances.} 40. bxa5 Rb2) 40. Bd1 {[%emt 0:01:31] [#]} Rbd8 ({Black should play} 40... a5 $1 41. bxa5 Ra7) 41. Bf3 Kf6 42. Ke1 Ke7 ({Better is} 42... Rb8 $17 43. Kd2 Ke6) 43. Kd2 {[%emt 0:01:13] [#]} Ke6 (43... a5 $1 $17 44. bxa5 Ba8) 44. Rc1 Ba4 (44... Rb8 $17 45. Kc3 {[#]} a5 $1 ) 45. Kc3 Rc8 46. Rb1 Rb8 47. Rb2 Rc8 $11 48. Rbd2 Rcd8 49. Bg2 Rd6 50. Bf1 Bb5 51. Be2 Ba4 52. Bf3 1/2-1/2

[Event "Int SVK-ch Open 2020"]
[Site "Drienica"]
[Date "2020.08.08"]
[Round "2.12"]
[White "Strapec, Lukas"]
[Black "Banoci, Jaroslav"]
[Result "1-0"]
[ECO "A85"]
[WhiteElo "1517"]
[BlackElo "1831"]
[Annotator "NA"]
[PlyCount "91"]
[EventDate "2020.08.07"]
[EventType "swiss"]
[EventCountry "SVK"]
[SourceTitle "playchess.com"]
[Source "ChessBase"]
[SourceQuality "1"]
[TimeControl "40/5400+30:1800+30"]

1. d4 f5 2. c4 Nf6 3. Nc3 d6 4. Nf3 g6 5. g3 Bg7 6. Bg2 O-O 7. O-O h6 {[%emt 0:01:50] 7...c6 is the modern continuation.} 8. Re1 {[%emt 0:07:47] A87: Dutch Defence: Leningrad System: 5 Nf3.} Kh7 9. Qb3 {[%emt 0:14:49] [#]} Nc6 $146 ({Predecessor:} 9... Nh5 10. Qc2 Nc6 11. e3 e5 12. dxe5 dxe5 13. Rd1 Qe8 14. Nd5 Qf7 15. Bd2 e4 {0-1 (53) Petry,C-Fontana,R Piratuba 1996}) 10. d5 Na5 11. Qa4 b6 12. Nd2 Ng4 13. Qc2 Rb8 (13... f4 $11) 14. b4 Nb7 15. Bb2 e5 16. dxe6 Bxe6 17. Nd5 Bxb2 18. Qxb2 Bxd5 ({Better is} 18... f4 $14) 19. Bxd5 (19. cxd5 $16 a5 20. a3) 19... Qd7 20. h3 Nf6 21. Bg2 c6 22. e4 fxe4 (22... f4 $1 $14) 23. Nxe4 Nxe4 24. Rxe4 Rbe8 25. Rae1 Rxe4 26. Rxe4 Rf7 (26... d5 $16 27. cxd5 cxd5) 27. Qe2 Nd8 28. h4 d5 29. Rd4 Ne6 30. Rd2 d4 31. Bh3 Re7 32. Bxe6 Rxe6 33. Rxd4 Qe7 34. Qd2 Qf7 35. Rd7 Re7 36. Rxe7 Qxe7 37. a3 Kg7 38. Qd4+ Kf7 39. Qe3 Qf6 40. Qf4 $2 (40. Qxh6 $18 Qa1+ 41. Kg2) 40... Ke6 $2 (40... Qxf4 $11 41. gxf4 Kf6) 41. Qxh6 Qa1+ 42. Kg2 Qxa3 (42... Qb1 $142 43. Qe3+ Kd7) 43. Qxg6+ Ke5 $18 44. Qxc6 Qxb4 45. Qb5+ Qxb5 46. cxb5 1-0

[Event "Int SVK-ch Open 2020"]
[Site "Drienica"]
[Date "2020.08.08"]
[Round "2.13"]
[White "Tomcik, Milan"]
[Black "Buran Jaroslav"]
[Result "1/2-1/2"]
[ECO "B19"]
[WhiteElo "1981"]
[BlackElo "2098"]
[Annotator "ChessBase"]
[PlyCount "22"]
[EventDate "2020.08.07"]
[EventType "swiss"]
[EventCountry "SVK"]
[SourceTitle "playchess.com"]
[Source "ChessBase"]
[SourceQuality "1"]
[TimeControl "40/5400+30:1800+30"]

1. e4 c6 2. d4 d5 3. Nd2 dxe4 4. Nxe4 Bf5 5. Ng3 Bg6 6. h4 h6 7. h5 Bh7 8. Nf3 Nd7 9. Bd3 Bxd3 10. Qxd3 Ngf6 11. Bd2 e6 1/2-1/2